Map: Acid Plant LE

Players

Mana - Winner!

  • Race: Protoss Protoss
  • Spawn Location: 5:00

Jason

  • Race: Terran Terran
  • Spawn Location: 11:00

Event: WCS Montreal 2018

VOD

Have the link to the VOD?

Description

Time

  • Played on: Sept. 7, 2018, 12:23 p.m.
  • Length: 9:53

All games in this series

Show
View Real Time Build Order
Export as new Build Order

Mana Protoss - Winner!

Build Orders: 1 Gate Expand 

Get SALT Encoding   

  12  0:00  Probe  
  13  0:13  Probe  
  14  0:17  Pylon  
  14  0:24  Probe  
  15  0:32  Probe  
  15  0:38  Gateway  
  15  0:40  Probe  
  16  0:47  Assimilator  
  17  0:50  Probe  
  18  0:58  Probe  
  19  1:06  Probe  
  20  1:24  Nexus  
  20  1:35  Cybernetics Core  
  20  1:38  Probe  
  21  1:44  Assimilator  
  21  1:51  Probe  
  22  1:55  Pylon  
  22  2:03  Probe  
  22  2:04  Stalker  
  23  2:11  Warp Gate  
  23  2:15  Probe  
  26  2:27  Adept, Probe  
  26  2:28  Robotics Facility  
  29  2:38  Probe  
  29  2:41  Probe  
  31  2:50  Probe  
  32  2:53  Probe  
  32  2:58  Stalker  
  32  3:02  Probe  
  36  3:05  Probe  
  36  3:14  Probe  
  36  3:15  Observer  
  36  3:17  Probe  
  39  3:24  Gateway  
  39  3:27  Probe  
  40  3:29  Gateway  
  40  3:34  Probe  
  40  3:38  Warp Prism  
  40  3:39  Probe  
  44  3:46  Probe  
  45  3:51  Pylon, Probe  
  46  4:03  Pylon  
  46  4:09  Probe x2, Twilight Council  
  48  4:10  Forge  
  48  4:21  Probe x2  
  48  4:24  Adept x2, Protoss Ground Weapons Level 1  
  54  4:27  Stalker, Observer  
  54  4:28  Resonating Glaives  
  57  4:33  Probe x2  
  57  4:35  Pylon  
  57  4:38  Assimilator  
  59  4:45  Probe x2  
  61  4:53  Immortal  
  61  4:55  Sentry  
  61  4:57  Assimilator, Probe  
  68  5:05  Adept  
  70  5:10  Pylon  
  70  5:20  Probe  
  69  5:21  Observer  
  69  5:23  Immortal  
  69  5:32  Gateway  
  69  5:34  Gateway x2  
  69  5:35  Adept x2  
  77  5:38  Shield Battery, Observer  
  77  5:55  Blink  
  77  5:57  Nexus  
  77  5:58  Pylon, Probe  
  77  6:02  Protoss Ground Armor Level 1  
  78  6:10  Pylon  
  78  6:12  Probe  
  78  6:16  Immortal  
  82  6:30  Adept x2  
  82  6:31  Adept, Sentry x2  
  92  6:33  Adept  
  94  6:45  Robotics Bay  
  94  6:47  Pylon  
  94  7:05  Probe x2  
  96  7:10  Stalker x4  
  96  7:12  Probe  
  105  7:18  Probe x2  
  111  7:24  Probe  
  110  7:30  Probe x2  
  110  7:31  Disruptor  
  110  7:39  Probe  
  110  7:42  Stalker x3, Probe  
  117  7:50  Pylon x2  
  117  7:57  Probe x2  
  117  8:06  Disruptor  
  117  8:12  Pylon, Shield Battery  
  120  8:13  Adept x3  
  120  8:14  Stalker x2  
  127  8:22  Probe  
  127  8:23  Observer  
  116  8:28  Probe  
  116  8:30  Stalker  
  116  8:31  Probe  
  116  8:32  Assimilator  
  116  8:33  Photon Cannon  
  120  8:34  Stalker, Disruptor, Assimilator, Probe  
  120  8:35  Stalker x2  
  127  8:47  Probe x2  
  132  8:50  Photon Cannon  
  132  8:52  Shield Battery  
  132  8:54  Robotics Facility  
  132  8:57  Probe  
  132  8:59  Probe  
  134  9:12  Disruptor  
  134  9:16  Pylon  
  137  9:18  Pylon  
  137  9:19  Nexus  
  133  9:34  Adept x6  
Show
View Real Time Build Order
Export as new Build Order

Jason Terran 

Build Orders: Reaper Expand, MMM Bio 

Get SALT Encoding   

  12  0:00  SCV  
  13  0:12  SCV  
  14  0:17  Supply Depot  
  14  0:25  SCV  
  15  0:39  SCV  
  15  0:41  Barracks  
  16  0:44  Refinery  
  16  0:51  SCV  
  17  1:03  SCV  
  18  1:15  SCV  
  19  1:28  Reaper, Orbital Command  
  20  1:47  Command Center  
  20  1:54  SCV  
  20  1:57  Barracks  
  21  2:02  Barracks Reactor  
  21  2:06  Supply Depot  
  21  2:10  SCV  
  22  2:17  Refinery  
  23  2:22  SCV  
  23  2:26  Factory  
  23  2:34  SCV  
  24  2:39  Marine x2  
  26  2:45  Barracks Tech Lab  
  26  2:47  SCV  
  27  2:58  Marine x2  
  29  3:01  SCV  
  29  3:03  Orbital Command  
  30  3:07  Marine  
  30  3:10  Stimpack  
  31  3:15  Widow Mine  
  31  3:17  Marine x2  
  35  3:20  SCV  
  36  3:27  Marine  
  36  3:34  SCV x2  
  37  3:36  Marine  
  37  3:37  Marine  
  39  3:48  Bunker  
  39  3:49  Factory Reactor  
  39  3:50  Starport  
  39  3:51  SCV  
  39  3:52  SCV  
  41  3:58  Supply Depot  
  41  4:04  Marine x2  
  41  4:05  SCV x2  
  45  4:12  Supply Depot  
  45  4:15  Engineering Bay  
  45  4:17  SCV  
  45  4:20  Marine  
  45  4:21  SCV  
  48  4:27  Refinery  
  48  4:28  Marine x2  
  48  4:29  SCV  
  51  4:35  SCV  
  52  4:39  Medivac x2  
  52  4:40  Marine  
  52  4:41  SCV  
  58  4:46  Missile Turret  
  58  4:47  SCV  
  58  4:49  Terran Infantry Weapons Level 1  
  59  4:53  SCV, Marine  
  59  4:54  Marine  
  62  5:01  Barracks  
  62  5:05  Supply Depot  
  62  5:07  Factory Tech Lab  
  62  5:10  SCV  
  60  5:21  Marine x2  
  62  5:28  Supply Depot  
  62  5:29  Combat Shields  
  62  5:39  Medivac, Marauder, SCV x2  
  62  5:42  Supply Depot  
  68  5:43  Supply Depot  
  68  5:44  Factory Reactor  
  68  5:46  Marine  
  69  5:51  SCV  
  69  5:53  Supply Depot  
  69  5:56  SCV  
  71  5:58  Missile Turret  
  71  6:01  Marauder  
  71  6:03  SCV  
  74  6:06  Marine  
  74  6:08  SCV  
  76  6:16  Marine  
  76  6:18  SCV  
  77  6:22  Marauder  
  77  6:23  SCV  
  77  6:25  Supply Depot  
  80  6:26  Marauder, Command Center, Concussive Shells  
  80  6:32  Marine, Supply Depot  
  83  6:33  SCV  
  83  6:35  SCV  
  83  6:36  Medivac  
  83  6:37  Medivac  
  89  6:41  Widow Mine  
  89  6:44  Widow Mine  
  89  6:45  SCV  
  94  6:53  Marine x2  
  94  6:54  Marauder  
  98  7:01  SCV x2  
  98  7:03  Widow Mine  
  98  7:05  Widow Mine  
  98  7:08  Barracks  
  101  7:13  SCV  
  101  7:20  Marine x2  
  101  7:21  Marauder  
  105  7:25  Widow Mine, Barracks  
  105  7:26  Widow Mine  
  101  7:33  SCV x2, Marine  
  101  7:35  Refinery  
  102  7:38  Marine x2  
  102  7:43  Marauder  
  106  7:46  Widow Mine  
  106  7:50  Marine  
  105  7:53  SCV  
  105  7:54  SCV  
  105  7:56  Marine x2  
  106  8:03  Marine  
  106  8:05  Medivac x2, SCV  
  110  8:08  Armory  
  110  8:09  SCV, Barracks Tech Lab  
  110  8:10  Marine  
  110  8:11  Marine  
  113  8:13  Marine  
  113  8:17  SCV  
  112  8:21  SCV  
  112  8:22  Marauder  
  104  8:27  Marine  
  104  8:28  Marauder  
  104  8:29  SCV  
  104  8:30  Orbital Command  
  104  8:32  Liberator, Marine  
  104  8:33  SCV  
  104  8:34  Barracks Reactor  
  104  8:35  Liberator, Widow Mine x2  
  108  8:41  SCV  
  108  8:44  Sensor Tower, Marauder  
  108  8:45  SCV  
  112  8:53  SCV  
  119  8:59  SCV x2  
  119  9:02  Starport  
  121  9:07  Marine x2  
  121  9:08  Marauder  
  121  9:09  SCV  
  126  9:11  SCV  
  126  9:14  Refinery  
  127  9:21  SCV x2  
  115  9:33  Marine x3  
  115  9:35  SCV x2  
  115  9:36  Refinery  
Tags
 
Add a new tag
Caveats
  • Supply blocks, unpowered buildings, or Contaminate may cause inaccurate times.
  • Supply counts are checked every 10 seconds.